 Dungeon Crawl Stone Soup version 0.19-a0-1049-g462a813 (webtiles) character file.

143 mrath the Digger (level 5, -7/28 HPs)
             Began as a Gargoyle Earth Elementalist on July 31, 2016.
             Mangled by an ice beast (11 damage)
             ... on level 2 of the Dungeon.
             The game lasted 00:11:26 (2498 turns).

mrath the Digger (Gargoyle Earth Elementalist)      Turns: 2498, Time: 00:11:26

Health: -7/28      AC:  6    Str: 12    XL:     5   Next: 25%
Magic:  6/10       EV:  7    Int: 16    God:
Gold:   98         SH:  0    Dex: 10    Spells: 2 memorised, 7 levels left

rFire  . . .     SeeInvis .     h - +0 mace
rCold  . . .     Gourm    .     c - +0 robe
rNeg   + . .     Faith    .     (no shield)
rPois  ∞         Spirit   .     (no helmet)
rElec  +         Dismiss  .     (no cloak)
rCorr  .         Reflect  .     (no gloves)
SustAt .         Harm     .     (no boots)
MR     .....                    (no amulet)
Stlth  ++........               (no ring)
                                (no ring)

@: not resistant to hostile enchantments, unstealthy
A: negative energy resistance 1, electricity resistance, unbreathing,
petrification resistance, rot immunity, AC +4
a: no special abilities


You were on level 2 of the Dungeon.
You were not hungry.

You visited 1 branch of the dungeon, and saw 3 of its levels.

You collected 98 gold pieces.

Inventory:

Hand Weapons
 h - a +0 mace (weapon)
Missiles
 b - 82 stones
 g - 8 tomahawks (quivered)
 n - 12 poisoned needles
Armour
 c - a +0 robe (worn)
Wands
 s - a wand of digging (1/24)
Scrolls
 j - 2 scrolls of remove curse {unknown}
 l - a scroll of identify {unknown}
 p - a scroll of immolation {unknown}
 t - a scroll of teleportation {unknown}
Potions
 a - 2 potions of curing {unknown}
 f - a potion of heal wounds {unknown}
 q - a potion of flight {unknown}
 r - a potion of lignification {unknown}
 u - a potion of mutation {unknown}
Books
 e - a book of Geomancy

   Spells                             Type                      Level
   a - Sandblast                      Earth                        1
   b - Passwall                       Transmutation/Earth          2
   c - Stone Arrow                    Conjuration/Earth            3
   d - Petrify                        Transmutation/Earth          4
   e - Lee's Rapid Deconstruction     Earth                        5
Comestibles
 d - 2 bread rations
 i - 2 meat rations
 k - 6 fruits
 m - a beef jerky
 o - 3 chunks of flesh


   Skills:
 - Level 1.5 Dodging
 - Level 2.1 Stealth
 * Level 3.8 Spellcasting
 + Level 1.9 Conjurations
   Level 0.7 Transmutations
 + Level 4.7 Earth Magic


You had 7 spell levels left.
You knew the following spells:

 Your Spells              Type           Power        Failure   Level  Hunger
a - Sandblast             Erth           ###...       2%          1    None
b - Stone Arrow           Conj/Erth      ##....       14%         3    ###....


Dungeon Overview and Level Annotations

Branches:
Dungeon (3/15)

Altars:
Pakellas


Innate Abilities, Weirdness & Mutations

You are resistant to torment.
Your stone body is resilient. (AC +4)
You are immune to poison.
You resist negative energy. (rN+)
You are resistant to electric shocks. (rElec)
You can survive without breathing.
You are immune to petrification.
You are immune to rotting.


Message History

The ice beast is heavily wounded.
The ice beast hits you. The ice beast freezes you!
You hit the ice beast but do no damage.
The ice beast is heavily wounded.
The ice beast hits you. The ice beast freezes you.
* * * LOW HITPOINT WARNING * * *
You hit the ice beast but do no damage.
The ice beast is heavily wounded.
The ice beast hits you but does no damage. x2
The ice beast closely misses you.
The ice beast hits you but does no damage.
The gnoll shouts!
The gnoll hits you but does no damage. The gnoll closely misses you.
There is a stone staircase leading up, spattered with blood here.
You see here a club.
The ice beast hits you.
* * * LOW HITPOINT WARNING * * *
The ice beast freezes you!
You die...

....# #.###..###.########...
....# #.#...................
...#########.#.##..##.###........
##..Y........#.#....#.###.####...
...###########.#.#..#.##..###....
#..g.# #.#.##.#.#..........
#.#.## ##.#..#...#.#####....
#.#.#########...........#####....
..#...........gY@..#..#.##_##.##.
#############......#)...#####.##.
............'....).'.>..#...#....
#############......###..#...#....
#......# ##.##'##.... #......#
#.......... #......# ######.....
#......# ###### #......#


You could see an ice beast and a gnoll.

Vanquished Creatures
  An orc priest (D:3)
  3 gnolls
  3 adders
  2 oozes
  3 worms (D:2)
  A dart slug (D:1)
  2 giant geckos
  An orc (D:2)
  7 bats
  5 goblins
  5 hobgoblins (D:1)
  A giant newt (D:3)
  3 kobolds
  2 rats (D:2)
39 creatures vanquished.

Notes
Turn   | Place    | Note
-------+----------+-------------------------------------------
     0 | D:1      | mrath the Gargoyle Earth Elementalist began the quest for the Orb.
     0 | D:1      | Reached XP level 1. HP: 10/10 MP: 3/3
   393 | D:1      | Reached XP level 2. HP: 15/15 MP: 1/5
   620 | D:1      | Reached skill level 4 in Earth Magic
   845 | D:1      | Reached XP level 3. HP: 19/19 MP: 5/7
  1220 | D:2      | Learned a level 3 spell: Stone Arrow
  1394 | D:2      | Reached XP level 4. HP: 23/24 MP: 3/8
  1404 | D:1      | Reached skill level 1 in Conjurations
  1947 | D:2      | Found an oddly glowing altar of Pakellas.
  2225 | D:3      | Reached XP level 5. HP: 28/28 MP: 3/10
  2435 | D:2      | Noticed an ice beast
  2498 | D:2      | Mangled by an ice beast

Vault maps used:
D:1:      dpeg_arrival_oval, minmay_distorted
D:2:      nrook_mini_backslash, johnstein_pakellas_dig
D:3:      first_bread, ecumenical_altar_1, tso_altar

Skill      XL: |  1  2  3  4 |
---------------+-------------+-----
Earth Magic    | 4 |  4.7
Spellcasting   | 3 |  3.8
Conjurations   | 1 |  1.9
Dodging        | |  1.5
Stealth        | |  2.1
Transmutations | |  0.7

Action                   |  1- 3 |  4- 6 || total
-------------------------+-------+-------++-------
Melee: Mace              |    29 |    31 ||    60
 Cast: Sandblast         |    34 |    23 ||    57
       Stone Arrow       |       |    11 ||    11
 Stab: Sleeping          |     1 |       ||     1
  Eat: Chunk             |     2 |     4 ||     6
Armor: Robe              |    12 |    14 ||    26
Dodge: Dodged            |    27 |    29 ||    56
